 Dungeon Crawl Stone Soup version 0.32-a0-12-g7fc57aa (webtiles) character file.

Game seed: 4748989061152501869

336786 PublicAnimeNo1 the Convoker (level 19, -4/139 HPs)
             Began as a Demonspawn Summoner on Jan 13, 2024.
             Was the Champion of Ru.
             Killed from afar by a deep elf elementalist (47 damage)
             ... with a blast of rock fragments
             ... on level 3 of the Elven Halls on Jan 14, 2024.
             The game lasted 03:01:35 (54022 turns).

PublicAnimeNo1 the Convoker (Demonspawn Summoner)  Turns: 54022, Time: 03:01:36

Health: -4/139     AC: 20    Str: 11    XL:     19   Next: 99%
Magic:  14/37      EV: 18    Int: 30    God:    Ru [******]
Gold:   3680       SH: 24    Dex: 20    Spells: 8/46 levels left

rFire   . . .        z - +5 demon trident (spect)
rCold   + . .        m - +5 kite shield of the Demon Prince {SInv}
rNeg    + . .        v - +3 leather armour "Lionilo" {+Blink Dex+5}
rPois   +            u - +2 helmet
rElec   .            o - +2 ratskin cloak {*Rats rPois rN+ Str-1 Int-1 Dex+1}
rCorr   +            Z - +0 pair of gloves
SInv    +            d - +2 pair of boots {Stlth+}
Will    +....        w - amulet of Zurgh {Reflect ^Fragile +Inv Regen+ Int+3 SH+5}
Stlth   x              - ring "Zimerryo" {rPois rC+ Str+2}
HPRegen 1.23/turn    l - +6 ring of intelligence
MPRegen 0.25/turn

%: reflection
@: no status effects
A: yellow scales 3, demonic guardian 2, frail 1, foul stench 3, no stealth,
inability to train armour, no ice magic, no alchemy magic, no translocations
magic, inexperienced 1, demonic touch 2, no forms
}: 2/15 runes: serpentine, barnacled
a: Renounce Religion, Evoke Blink, Evoke Invisibility, Draw Out Power, Power
Leap, Apocalypse


You were on level 3 of the Elven Halls.
You worshipped Ru.
Ru was exalted by your worship.
You visited 8 branches of the dungeon, and saw 38 of its levels.
You also visited: Sewer.

You collected 7418 gold pieces.
You spent 3738 gold pieces at shops.

Inventory:

Hand Weapons
 z - a +5 spectral demon trident (weapon)
 I - a +1 demon trident of freezing
Missiles
 L - 3 throwing nets
Armour
 d - a +2 pair of boots of stealth (worn)
 m - the +5 kite shield of the Demon Prince (worn) {SInv}
   (You took it off Donald on level 1 of the Shoals)

   SInv:      It lets you see invisible.
 o - the +2 ratskin cloak (worn) {*Rats rPois rN+ Str-1 Int-1 Dex+1}
   (You found it on level 5 of the Dungeon)

   *Rats:     When the wearer is hurt, rats may emerge from it to assist them.
   Str-1:     It affects your strength (-1).
   Int-1:     It affects your intelligence (-1).
   Dex+1:     It affects your dexterity (+1).
   rPois:     It protects you from poison rN+: It protects you from negative
   energy.
 u - a +2 helmet (worn)
 v - the +3 leather armour "Lionilo" (worn) {+Blink Dex+5}
   (You bought it in a shop on level 12 of the Dungeon)

   Dex+5:     It affects your dexterity (+5).
   +Blink:    It lets you blink.
 Z - a +0 pair of gloves (worn)
Jewellery
 f - the ring of Dim Light {rPois rF+ MP+9 Int-2 Dex+2}
   (You bought it in a shop on level 3 of the Elven Halls)

   [ring of magical power]

   Int-2:     It affects your intelligence (-2).
   Dex+2:     It affects your dexterity (+2).
   rF+:       It protects you from fire.
   rPois:     It protects you from poison MP+9: It affects your magic capacity
   (+9).
 l - a +6 ring of intelligence (right hand)
 w - the amulet of Zurgh (around neck) {Reflect ^Fragile +Inv Regen+ Int+3 SH+5}
   (You bought it in a shop on level 1 of the Snake Pit)

   [amulet of reflection]

   Reflect:   It reflects blocked missile attacks.
   Int+3:     It affects your intelligence (+3).
   +Inv:      It lets you turn invisible.
   Regen+:    It increases your rate of health regeneration.
   ^Fragile:  It will be destroyed if unequipped.
   SH+5:      It affects your SH (+5).
 x - the ring "Zimerryo" (left hand) {rPois rC+ Str+2}
   (You took it off an orc priest on level 9 of the Dungeon)

   [ring of protection from cold]

   Str+2:     It affects your strength (+2).
   rC+:       It protects you from cold.
   rPois:     It protects you from poison
Wands
 a - a wand of light (9)
 g - a wand of flame (22)
 j - a wand of polymorph (15)
 p - a wand of iceblast (43)
 N - a wand of charming (39)
 Q - a wand of mindburst (29)
 X - a wand of digging (6)
Scrolls
 e - 4 scrolls of vulnerability
 t - 5 scrolls of revelation
 y - 6 scrolls of enchant armour
 C - 10 scrolls of immolation
 D - 3 scrolls of torment
 E - a scroll of brand weapon
 G - 6 scrolls of blinking
 H - a scroll of summoning
 P - 2 scrolls of fear
 T - 23 scrolls of identify
 U - 13 scrolls of teleportation
 V - 5 scrolls of poison
 W - 4 scrolls of fog
Potions
 c - a potion of berserk rage
 h - 12 potions of curing
 i - 3 potions of resistance
 k - 5 potions of magic
 n - 9 potions of attraction
 q - 6 potions of mutation
 r - 3 potions of might
 s - 7 potions of enlightenment
 F - 4 potions of invisibility
 J - 5 potions of cancellation
 M - 5 potions of haste
 O - a potion of ambrosia
 R - 2 potions of heal wounds
 Y - 5 potions of brilliance
Miscellaneous
 b - a sack of spiders
 A - a phial of floods (inert)
 S - a tin of tremorstones (2/2)


   Skills:
 + Level 15.2 Fighting
 - Level 14.0 Polearms
 - Level 11.5 Dodging
 + Level 14.6 Shields
 + Level 14.1 Spellcasting
 - Level 6.0 Hexes
 + Level 17.4 Summonings
 - Level 4.0 Necromancy
 - Level 6.6 Fire Magic
 - Level 4.0 Air Magic
 - Level 4.0 Evocations


You had 8 spell levels left.
You knew the following spells:

 Your Spells              Type           Power      Damage    Failure   Level
a - Martyr's Knell        Necr/Summ      71%        N/A       1%          4
b - Call Imp              Summ           100%       N/A       0%          2
c - Call Canine Familiar  Summ           90%        N/A       0%          3
d - Summon Blazeheart Go  Fire/Summ      76%        N/A       1%          4
e - Summon Lightning Spi  Summ/Air       71%        N/A       1%          4
f - Summon Ice Beast      Ice/Summ       65%        N/A       1%          3
g - Summon Cactus Giant   Summ           45%        N/A       1%          6
h - Summon Mana Viper     Hex/Summ       75%        N/A       1%          5
i - Summon Hydra          Summ           45%        N/A       4%          7

Your spell library contained the following spells:

 Spells                   Type           Power      Damage    Failure   Level
 Summon Small Mammal      Summ           100%       N/A       0%          1
 Foxfire                  Conj/Fire      100%       2x1d9     1%          1
 Slow                     Hex            100%       N/A       1%          1
 Scorch                   Fire           100%       2d9       1%          2
 Sublimation of Blood     Necr           45%        N/A       1%          2
 Confusing Touch          Hex            55%        N/A       1%          3
 Sigil of Binding         Hex            55%        N/A       1%          3
 Swiftness                Air            45%        N/A       3%          3
 Vampiric Draining        Necr           45%        2d9       3%          3
 Monstrous Menagerie      Summ           45%        N/A       4%          7
 Cause Fear               Hex            27%        N/A       5%          4
 Magic Dart               Conj           84%        1d7       6%          1
 Airstrike                Air            22%        2d(4-20)  12%         4
 Dispel Undead            Necr           45%        3d17      12%         4
 Flame Wave               Conj/Fire      40%        2d11      17%         4
 Passwall                 Erth           21%        N/A       19%         3
 Summon Horrible Things   Summ           45%        N/A       32%         8
 Fireball                 Conj/Fire      20%        3d10      43%         5
 Arcjolt                  Conj/Air       16%        1d26      61%         5
 Borgnjor's Vile Clutch   Necr/Erth      16%        N/A       61%         5
 Plasma Beam              Fire/Air       26%        2x1d38    75%         6
 Lee's Rapid Deconstruct  Erth           10%        3d8*      87%         5
 Death Channel            Necr           22%        N/A       88%         6
 Starburst                Conj/Fire      20%        6d7       95%         6
 Conjure Ball Lightning   Conj/Air       16%        3x3d6     99%         6
 Bombard                  Conj/Erth      10%        9d3       100%        6
 Maxwell's Capacitive Co  Air            22%        ∞         100%        8
 Dragon's Call            Summ           45%        N/A       99%         9
 Ensorcelled Hibernation  Hex/Ice        Unusable   N/A       N/A         2
 Cigotuvi's Dreadful Rot  Necr/Alch/Air  Unusable   N/A       N/A         2
 Blink                    Tloc           Unusable   N/A       N/A         2
 Lesser Beckoning         Tloc           Unusable   N/A       N/A         2
 Momentum Strike          Conj/Tloc      Unusable   3d9       N/A         2
 Ignite Poison            Fire/Alch      Unusable   N/A       N/A         4
 Hailstorm                Conj/Ice       Unusable   3d7       N/A         3
 Vhi's Electric Charge    Tloc/Air       Unusable   N/A       N/A         4
 Leda's Liquefaction      Alch/Erth      Unusable   N/A       N/A         4
 Freezing Cloud           Conj/Ice/Air   Unusable   6-21      N/A         5
 Malign Gateway           Summ/Tloc      Unusable   N/A       N/A         7
 Sculpt Simulacrum        Ice/Alch       Unusable   N/A       N/A         6
 Ozocubu's Refrigeration  Ice            Unusable   4d9       N/A         7
 Polar Vortex             Ice            Unusable   12d1*     N/A         9

Dungeon Overview and Level Annotations

Branches:
Dungeon (15/15)            Temple (0/1) D:6            Lair (5/5) D:9
 Shoals (4/4) Lair:3        Snake (4/4) Lair:2        Slime (0/5) Lair:4
    Orc (2/2) D:12            Elf (3/3) Orc:2        Vaults (3/5) D:14
  Crypt (0/3) Vaults:2     Depths (2/4) D:15          Sewer (visited)

Altars:
Fedhas
Gozag
Kikubaaqudgha
Okawaru
Qazlal
Ru
Sif Muna
Trog
Vehumet
Wu Jian
Jiyva

Shops:
D:5 [   D:6 ?   D:10 *   D:12 [   Orc:2 =[((   Elf:3 *   Shoals:4 (
Snake:1 =*[?=*(*:   Snake:2 :   Vaults:2 (   Depths:1 (=::

Portals:
Hell: Depths:1
Abyss: Depths:1
Ziggurat: Depths:1
Trove: D:10 (give 8 potions of haste)

Annotations:
D:2 1 runed translucent door, Crazy Yiuf
D:4 Sigmund
D:11 2 transporters, wqsa789's ghost, journeyman SpHu
D:13 1 exclusion, Rupert
Lair:1 3 runed translucent doors, yakattack's ghost, journeyman SpEn
Lair:3 exclusion: oklob plant
Snake:4 1 runed translucent door, roomforsquares's ghost, adept MiFi
Orc:2 2 transporters, queze's ghost, journeyman FeSu
Elf:2 5 runed translucent doors
Elf:3 3 runed translucent doors, ironshield's ghost, adept DsSu
Vaults:1 2 runed translucent doors, Pawaof's ghost, veteran KoBe
Vaults:3 Mara; Xtahua


Innate Abilities, Weirdness & Mutations

You are completely covered in yellow scales. (AC +4, rCorr)
A demonic guardian rushes to your aid.
You are frail. (-10% HP)
You frequently emit foul miasma when damaged in melee.
You cannot be stealthy.
You cannot train Armour skill.
You cannot study or cast Ice magic.
You cannot study or cast Alchemy magic.
You cannot study or cast Translocations magic.
You are somewhat inexperienced. (-1 XL)
Your touch may inflict irresistible damage on your foes.
You cannot voluntarily change form.


Message History

Reach: z) +5 demon trident (spect)
Press: ? - help, Dir - move target, f - you That would be overly suicidal.
Okay, then.
What are your orders? t - Shout!
Orders for allies: a - Attack new target. r - Retreat! s - Stop attacking. g - Guard the area. f - Follow me.
Anything else - Cancel.
Gang up on whom?
Press: ? - help, Dir - move target, f - deep elf elementalist
Aim: a deep elf elementalist, wielding a +0 dagger and wearing a +0 ring mail (lightly wounded, fast, spells empowered, repelling missiles, ally target) Attack!
The deep elf elementalist casts a spell next to you.
The wall shatters!
The blast of rock fragments hits you!
A hell rat scurries out from under your cloak.
The blast of rock fragments hits your river rat!!
Your river rat dies!
The blast of rock fragments hits your eight-headed hydra!!!
Your eight-headed hydra dies!
Your eight-headed hydra's corpse disappears in a puff of smoke!
The deep elf elementalist casts a spell next to you.
The wall shatters!
The blast of rock fragments hits you!
The deep elf pyromancer gestures wildly while chanting.
The deep elf pyromancer blinks!
A deep elf pyromancer comes into view. It is wielding a +0 long sword.
The deep elf sorcerer casts a spell.
The deep elf sorcerer seems to speed up.
You redirect the deep elf annihilator's attack!
The deep elf annihilator gestures wildly while chanting.
The deep elf annihilator blinks!
The deep elf pyromancer moves out of view.
You hear a shout!
Casting: Summon Hydra (dangerous; 4% risk of failure)
Confirm with . or Enter, or press ? or * to list all spells.
An eight-headed hydra appears.
The deep elf elementalist casts a spell next to you.
The wall shatters!
The blast of rock fragments hits you!!!
You die...

##.....########.P.P.#
##...## #.....# #.###
####### #.# #.## #..#
##r# #.# #@# #D# #e#
#e# #†# #e# #ee.e.#
#..eeeee..#
..e............


You could see a deep elf annihilator (empowered), 2 deep elf elementalists, a
friendly eight-headed hydra (summoned) and a friendly hell rat.

Vanquished Creatures
  2 deep elf blademasters (Elf:3)
  Polyphemus (Shoals:3)
  A tengu reaver (Vaults:1)
  Donald (Shoals:1)
  A nagaraja (Snake:4)
  A deep elf sorcerer (Elf:1)
  3 vault wardens
  2 spectral caustic shrikes (Depths:1)
  A deep elf elementalist (Elf:3)
  9 ironbound preservers
  3 very ugly things (Depths:1)
  3 ironbound thunderhulks
  2 stone giants (Depths:1)
  A formless jellyfish (Vaults:2)
  A vampire knight (Vaults:2)
  2 deep elf death magi
  A deep elf demonologist (Elf:1)
  Azrael (Elf:1)
  A war gargoyle (Vaults:3)
  6 dire elephants
  2 merfolk javelineers (Shoals:4)
  2 merfolk impalers (Shoals:3)
  2 crystal guardians (Vaults:3)
  A deep elf high priest (Elf:2)
  A jiangshi (Vaults:2)
  3 great orbs of eyes
  2 yaktaur captains
  Fannar (Lair:2)
  A rakshasa (D:15)
  4 hydras
  2 peacekeepers (Vaults:3)
  A sphinx zombie (Vaults:2)
  A vault guard (D:10)
  2 ironbound frosthearts
  2 catoblepae
  4 anacondas
  A satyr (Shoals:3)
  4 boulder beetles
  4 merfolk avatars
  3 merfolk aquamancers
  14 centaur warriors
  7 tengu warriors
  5 naga warriors
  9 dancing weapons
  A deep troll earth mage (Depths:1)
  3 death yaks
  An orc high priest (Orc:2)
  6 naga sharpshooters
  Nergalle (Lair:2)
  13 deep elf knights
  7 shock serpents
  3 skysharks
  5 salamander mystics (Snake:4)
  2 skeletal warriors (D:14)
  A death drake (shapeshifter) (Elf:3)
  11 sea snakes
  10 deep elf archers
  2 naga ritualists
  An arcanist (Vaults:2)
  12 deep trolls
  4 ironbound convokers
  6 mana vipers
  20 deep elf pyromancers
  A phantasmal warrior (Vaults:1)
  2 cyclopes
  A necromancer (Vaults:3)
  A frost giant zombie (Vaults:2)
  An orc knight (D:15)
  19 deep elf zephyrmancers
  A shining eye (shapeshifter) (Elf:1)
  9 lindwurms
  6 harpies
  17 ugly things
  5 orc sorcerers
  4 fauns
  Maurice (D:8)
  An elf skeleton (Vaults:2)
  4 salamanders
  A wolf spider (D:15)
  6 manticores
  3 elephants (Lair:5)
  A meliai (shapeshifter) (Vaults:3)
  3 naga magi
  5 guardian serpents
  18 black mambas
  2 merfolk sirens
  3 water nymphs
  A kobold blastminer (Orc:1)
  A gargoyle (D:14)
  4 vault sentinels
  5 cane toads
  An unseen horror zombie (D:9)
  A rime drake (Lair:5)
  Maggie (D:7)
  2 tengu conjurers
  5 komodo dragons
  An unseen horror (D:11)
  14 yaktaurs
  An unseen horror skeleton (D:9)
  18 merfolk
  2 polar bears
  2 hornets
  6 trolls
  4 wind drakes
  7 snapping turtles
  4 dream sheep
  9 blink frogs
  A snapping turtle (shapeshifter) (Vaults:1)
  A culicivora (shapeshifter) (D:15)
  33 slime creatures
  2 air elementals (Elf:1)
  2 wraiths (D:11)
  26 yaks
  9 nameless horrors
  3 water elementals
  3 wyverns
  6 basilisks
  A human (shapeshifter) (Elf:1)
  2 fire elementals
  3 steam dragons
  5 vampire mosquitoes
  A warg (D:12)
  Grum (D:10)
  A swamp worm (D:7)
  3 acid dragons
  16 nagas
  An ogre skeleton (Vaults:3)
  A hell hound (Elf:1)
  9 water moccasins
  A glowing shapeshifter skeleton (Vaults:3)
  2 ice beasts
  5 sky beasts
  13 orc warriors
  12 wolves
  2 laughing skulls (D:15)
  10 ogres
  6 centaurs
  A phantom (D:5)
  A kobold brigand (D:7)
  11 bullfrogs
  3 scorpions
  An earth elemental (Elf:3)
  A glowing shapeshifter simulacrum (Depths:1)
  A wyvern skeleton (D:9)
  6 wights
  A burial acolyte (D:9)
  6 killer bees
  3 bombardier beetles
  2 electric eels
  A howler monkey (D:10)
  2 hounds
  22 orc priests
  5 iguanas
  A sleepcap (D:7)
  25 orc wizards
  10 hell rats
  A killer bee zombie (D:9)
  6 adders (Sewer)
  4 gnolls
  10 river rats (D:5)
  A white imp (D:5)
  4 ufetubi (D:6)
  A ribbon worm (D:4)
  7 dart slugs
  32 orcs
  5 ball pythons
  9 endoplasms
  11 giant cockroaches
  4 goblins
  2 hobgoblins (D:4)
  3 jackals (D:1)
  A quokka (D:3)
  9 bats
  6 frilled lizards
  6 kobolds
  2 rats (D:1)
842 creatures vanquished.

Vanquished Creatures (collateral kills)
  Boris (Elf:3)
  Nikola (Shoals:2)
  A deep elf master archer (Elf:3)
  A tengu reaver (Vaults:3)
  Ilsuiw (Shoals:3)
  A nagaraja (Snake:4)
  4 vault wardens
  2 frost giants
  3 spectral caustic shrikes (Depths:1)
  An orc warlord (Vaults:2)
  2 very ugly things (Depths:1)
  3 ironbound preservers
  3 ironbound thunderhulks
  A formless jellyfish (Vaults:3)
  A stone giant (Depths:1)
  A vampire knight (Vaults:2)
  A deep elf demonologist (Elf:2)
  2 deep elf annihilators (Elf:2)
  A deep elf death mage (Elf:1)
  2 dire elephants
  Snorg (D:10)
  A crystal guardian (Vaults:3)
  4 merfolk impalers (Shoals:4)
  2 merfolk javelineers (Shoals:4)
  A deep elf high priest (Vaults:3)
  A yaktaur captain (Vaults:1)
  An entropy weaver (Vaults:2)
  2 salamander tyrants (Snake:4)
  2 ice dragons
  An alligator (Lair:5)
  2 great orbs of eyes
  2 peacekeepers (Vaults:3)
  A hydra (Lair:3)
  A rakshasa (D:15)
  3 vault guards
  A spriggan air mage (Depths:1)
  12 anacondas
  4 ironbound frosthearts
  A merfolk aquamancer (Shoals:4)
  2 alligator snapping turtles (Shoals:4)
  4 merfolk avatars
  A satyr (Shoals:4)
  11 dancing weapons
  A death yak (Shoals:3)
  2 naga warriors (Snake:1)
  5 centaur warriors
  An orc high priest (Orc:2)
  2 shock serpents (Snake:1)
  A tengu warrior (D:15)
  4 naga sharpshooters
  An occultist (Depths:1)
  Lodul (D:13)
  3 deep elf knights
  2 salamander mystics (Snake:4)
  9 sea snakes
  2 skysharks
  23 deep trolls
  3 mana vipers (Snake:4)
  A naga ritualist (Snake:4)
  3 arcanists
  6 harpies
  12 deep elf zephyrmancers
  2 necromancers
  4 deep elf archers
  8 ironbound convokers
  7 lindwurms
  2 orc knights (Vaults:2)
  7 cyclopes
  4 fauns
  14 deep elf pyromancers
  11 salamanders
  10 ugly things
  13 manticores
  3 elephants (Lair:5)
  A guardian serpent (Snake:4)
  4 vault sentinels (Vaults:1)
  2 kobold blastminers (Orc:1)
  5 naga magi
  21 black mambas
  8 merfolk sirens
  2 water nymphs (Shoals:4)
  8 cane toads
  An unseen horror (D:11)
  2 rime drakes
  A freezing wraith (Vaults:2)
  5 yaktaurs
  6 komodo dragons
  2 unseen horror zombies (D:9)
  An efreet (D:13)
  14 merfolk
  2 trolls
  4 wind drakes
  A hornet (Lair:5)
  2 polar bears (Lair:5)
  9 dream sheep
  2 snapping turtles
  7 blink frogs
  A spriggan zombie (Depths:1)
  4 slime creatures
  2 air elementals
  2 shadows
  A fire giant simulacrum (Vaults:2)
  6 water elementals
  15 yaks
  A vampire (D:9)
  8 fire elementals
  4 basilisks
  5 steam dragons
  3 wyverns
  A swamp worm (D:7)
  An acid dragon (D:9)
  5 water moccasins
  2 hell hounds (Elf:1)
  17 nagas
  18 orc warriors
  3 laughing skulls
  3 ogres
  20 wolves
  3 centaurs
  A phantom (D:5)
  4 nameless horrors
  A kobold brigand (D:8)
  4 bullfrogs
  A glowing shapeshifter simulacrum (Depths:1)
  4 wights (D:8)
  A burial acolyte (D:9)
  A jelly (D:5)
  7 killer bees
  An electric eel (D:9)
  A centaur zombie (D:9)
  A human zombie (D:9)
  A human simulacrum (Vaults:3)
  A bombardier beetle (D:7)
  4 hounds
  14 orc priests
  An iguana (D:11)
  13 orc wizards
  5 hell rats
  2 gnolls
  3 adders
  6 river rats (D:5)
  A ribbon worm (D:4)
  5 dart slugs (Sewer)
  33 orcs
  8 ball pythons
  5 endoplasms (Sewer)
  5 giant cockroaches
  A goblin (D:1)
  A jackal (D:1)
  10 kobolds
  A bat (D:1)
  4 frilled lizards
  A rat (D:4)
648 creatures vanquished.

Vanquished Creatures (others)
  Aizul (Shoals:2)
  A spectral caustic shrike (Depths:1)
  An ironbound preserver (Vaults:2)
  A great orb of eyes (Vaults:1)
  A centaur warrior (Vaults:2)
  2 naga warriors
  2 deep elf knights (Elf:1)
  A lindwurm (Vaults:1)
  4 deep trolls
  3 deep elf zephyrmancers
  3 deep elf pyromancers
  3 manticores
  A slime creature (D:14)
  A komodo dragon (D:12)
  2 yaktaurs
  A snapping turtle (Shoals:1)
  An air elemental (Elf:1)
  4 water elementals
  2 nagas (Snake:4)
  An orc wizard (D:7)
  An orc (D:11)
  118 blazeheart cores
  11 spectral weapons
166 creatures vanquished.

Grand Total: 1656 creatures vanquished

Notes
Turn   | Place    | Note
-------+----------+-------------------------------------------
     0 | D:1      | PublicAnimeNo1 the Demonspawn Summoner began the quest for
                  | the Orb.
     0 | D:1      | Reached XP level 1. HP: 13/13 MP: 3/3
   614 | D:1      | Reached skill level 1 in Fighting
   620 | D:1      | Gained mutation: You are partially covered in yellow
                  | scales. (AC +2) [demonic ancestry]
   620 | D:1      | Reached XP level 2. HP: 21/21 MP: 1/5
   635 | D:1      | Learned a level 2 spell: Call Imp
  1610 | D:2      | Gained mutation: A weak demonic guardian rushes to your
                  | aid. [demonic ancestry]
  1610 | D:2      | Reached XP level 3. HP: 23/27 MP: 6/6
  1741 | D:2      | Found a runed translucent door.
  1742 | D:2      | Noticed Crazy Yiuf
  2271 | D:3      | Reached XP level 4. HP: 33/34 MP: 4/7
  2491 | D:3      | Identified the +3 leather armour of Lat Dick {Harm}
  2621 | D:3      | Identified the +9 sling of Honour {heavy, MP+9 Int+2}
  2688 | D:3      | Reached skill level 5 in Summonings
  2744 | D:3      | Reached XP level 5. HP: 41/41 MP: 8/8
  3228 | D:4      | Reached XP level 6. HP: 21/48 MP: 6/9
  3235 | D:4      | Learned a level 3 spell: Call Canine Familiar
  3388 | D:4      | Reached skill level 6 in Summonings
  3433 | D:4      | Found an opulent altar of Gozag.
  3726 | D:4      | Found a glowing drain.
  3733 | Sewer    | Entered a sewer
  4119 | Sewer    | Gained mutation: You are mostly covered in yellow scales.
                  | (AC +3) [demonic ancestry]
  4119 | Sewer    | Reached XP level 7. HP: 55/55 MP: 5/10
  4165 | Sewer    | Learned a level 4 spell: Summon Blazeheart Golem
  4471 | D:4      | Noticed Sigmund
  4665 | D:4      | Found a sacrificial altar of Ru.
  4732 | D:4      | Became a worshipper of Ru the Awakened
  5220 | D:5      | Entered Level 5 of the Dungeon
  5223 | D:5      | Reached skill level 7 in Summonings
  5459 | D:5      | Reached skill level 1 in Fire Magic
  5459 | D:5      | Reached XP level 8. HP: 61/61 MP: 10/13
  5656 | D:5      | Found Mabeacocva's Antique Armour Emporium.
  5698 | D:5      | Found a radiant altar of Vehumet.
  6162 | D:5      | Found the +2 ratskin cloak {*Rats rPois rN+ Str-1 Int-1
                  | Dex+1}
  7267 | D:6      | Identified the +5 quarterstaff of Fedhas's Respect {heavy,
                  | *Slow rN+ rCorr Dex+4}
  7271 | D:6      | Gained mutation: You cannot train Armour skill. [Ru
                  | sacrifice]
  7271 | D:6      | Reached * piety under Ru
  7300 | D:6      | Found a stormy altar of Qazlal.
  7302 | D:6      | Found a blossoming altar of Fedhas.
  7433 | D:6      | Reached skill level 8 in Summonings
  7460 | D:6      | Reached XP level 9. HP: 41/66 MP: 11/16
  7655 | D:6      | Reached skill level 5 in Dodging
  7791 | D:6      | Found a staircase to the Ecumenical Temple.
  7863 | D:6      | Found Bucab's Magic Scroll Emporium.
  7866 | D:6      | Bought a scroll of blinking for 75 gold pieces
  7899 | D:6      | Reached skill level 5 in Spellcasting
  8200 | D:7      | Reached skill level 5 in Fighting
  8200 | D:7      | Reached skill level 1 in Shields
  8887 | D:7      | Noticed Maggie
  8901 | D:7      | Killed Maggie
  8902 | D:7      | Reached skill level 9 in Summonings
  9183 | D:8      | Gained mutation: A demonic guardian rushes to your aid.
                  | [demonic ancestry]
  9183 | D:8      | Reached XP level 10. HP: 76/76 MP: 11/19
  9313 | D:8      | Noticed Maurice
  9323 | D:8      | Something stole a phial of floods (inert)
  9325 | D:8      | Killed Maurice
  9326 | D:8      | Reached skill level 1 in Polearms
  9708 | D:8      | Gained mutation: You are frail. (-10% HP) [Ru sacrifice]
  9708 | D:8      | Reached ** piety under Ru
  9708 | D:8      | Reached *** piety under Ru
 10200 | D:9      | Found a staircase to the Lair.
 10392 | D:9      | Found an ornate altar of the Wu Jian Council.
 10529 | D:9      | Reached skill level 10 in Summonings
 10562 | D:9      | Found an ancient bone altar of Kikubaaqudgha.
 10574 | D:9      | Reached skill level 5 in Shields
 10623 | D:9      | Identified the ring "Zimerryo" {rPois rC+ Str+2}
 10798 | D:9      | Gained mutation: Your touch may inflict minor irresistible
                  | damage on your foes. [demonic ancestry]
 10798 | D:9      | Reached XP level 11. HP: 69/72 MP: 18/22
 11027 | D:9      | Reached skill level 5 in Polearms
 11033 | D:9      | Learned a level 4 spell: Summon Lightning Spire
 11330 | D:10     | Entered Level 10 of the Dungeon
 11484 | D:10     | Noticed Snorg
 11503 | D:10     | Killed Snorg
 11504 | D:10     | Reached skill level 1 in Air Magic
 11575 | D:10     | Noticed a vault guard
 11587 | D:10     | Killed a vault guard
 11621 | D:10     | Found a portal to a secret trove of treasure.
 11638 | D:10     | Noticed Grum
 11651 | D:10     | Killed Grum
 12061 | D:10     | Found Xypsuish's Overcharged Wands.
 12524 | Lair:1   | Entered Level 1 of the Lair of Beasts
 12581 | Lair:1   | Reached skill level 1 in Evocations
 12603 | Lair:1   | Found a runed translucent gate.
 12603 | Lair:1   | Found a runed translucent gate.
 12603 | Lair:1   | Found a runed translucent gate.
 12607 | Lair:1   | Noticed yakattack's ghost (journeyman SpEn)
 12611 | Lair:1   | Gained mutation: You cannot voluntarily change form. [Ru
                  | sacrifice]
 12615 | Lair:1   | Found a viscous altar of Jiyva.
 13274 | Lair:1   | Reached XP level 12. HP: 70/82 MP: 15/24
 14320 | Lair:2   | Noticed Nergalle
 14335 | Lair:2   | Killed Nergalle
 14350 | Lair:2   | Noticed Fannar
 14373 | Lair:2   | Killed Fannar
 14533 | Lair:2   | Noticed a six-headed hydra
 14826 | Lair:2   | Found a staircase to the Snake Pit.
 14981 | Lair:2   | Killed a six-headed hydra
 15001 | Lair:2   | Reached skill level 10 in Polearms
 15004 | Lair:2   | Reached skill level 5 in Stealth
 15861 | Lair:3   | Noticed a four-headed hydra
 15870 | Lair:3   | Killed a four-headed hydra
 15953 | Lair:3   | Gained mutation: Your touch may inflict irresistible damage
                  | on your foes. [demonic ancestry]
 15953 | Lair:3   | Reached XP level 13. HP: 81/88 MP: 14/25
 16499 | Lair:3   | Found a staircase to the Shoals.
 17267 | Lair:4   | Found a staircase to the Slime Pits.
 17311 | Lair:4   | Learned a level 3 spell: Summon Ice Beast
 17643 | Lair:4   | Found an ornate altar of the Wu Jian Council.
 17709 | Lair:4   | Gained mutation: You are somewhat inexperienced. (-1 XL)
                  | [Ru sacrifice]
 17709 | Lair:4   | Reached XP level 12. HP: 78/82 MP: 0/24
 17709 | Lair:4   | Reached **** piety under Ru
 17709 | Lair:4   | Reached ***** piety under Ru
 17958 | Lair:5   | Entered Level 5 of the Lair of Beasts
 18699 | Lair:5   | Reached skill level 10 in Stealth
 19204 | Lair:5   | Reached XP level 13. HP: 46/89 MP: 19/25
 20199 | D:11     | Found a transporter.
 20200 | D:11     | Found a transporter.
 20208 | D:11     | Noticed wqsa789's ghost (journeyman SpHu)
 20213 | D:11     | Noticed a frost giant
 21074 | D:12     | Found a staircase to the Orcish Mines.
 21586 | D:12     | Found Uchost's Antique Armour Shoppe.
 21603 | D:12     | Bought a runed helmet for 157 gold pieces
 21618 | D:12     | Bought an ancient robe for 119 gold pieces
 21618 | D:12     | Identified the +0 robe "Nufuix" {rPois Int+9 Stlth-} (You
                  | bought it in a shop on level 12 of the Dungeon)
 21618 | D:12     | Bought a transparent leather armour for 147 gold pieces
 21618 | D:12     | Identified the +3 leather armour "Lionilo" {+Blink Dex+5}
                  | (You bought it in a shop on level 12 of the Dungeon)
 21833 | Orc:1    | Entered Level 1 of the Orcish Mines
 21848 | Orc:1    | Learned a level 4 spell: Martyr's Knell
 22298 | Orc:2    | Entered Level 2 of the Orcish Mines
 22534 | Orc:2    | Found a staircase to the Elven Halls.
 22663 | Orc:2    | Reached skill level 10 in Fighting
 23015 | Orc:2    | Found Cecsouto's Antique Weapon Boutique.
 23015 | Orc:2    | Found Rigiuxt's Antique Armour Shop.
 23016 | Orc:2    | Found Ketuz's Jewellery Shop.
 23020 | Orc:2    | Found Ucocko's Weapon Boutique.
 23026 | Orc:2    | Upgraded the game from 0.32-a0-5-gbffa963 to
                  | 0.32-a0-7-ge934b45
 23029 | Orc:2    | Bought a scorched broad axe for 216 gold pieces
 23029 | Orc:2    | Identified the +2 broad axe of Cyuwk {flame, rC+ Stlth+}
                  | (You bought it in a shop on level 2 of the Orcish Mines)
 23031 | Orc:2    | Bought a steaming leather armour for 238 gold pieces
 23031 | Orc:2    | Identified the +2 leather armour "Xohyr" {rElec rF+ Str-5
                  | Int+4} (You bought it in a shop on level 2 of the Orcish
                  | Mines)
 23280 | Orc:2    | Found a bloodstained altar of Trog.
 23289 | Orc:2    | Found a transporter.
 23289 | Orc:2    | Identified the ring "Kufiqek" {Ice MP+9 Slay+2}
 23292 | Orc:2    | Noticed queze's ghost (journeyman FeSu)
 23308 | Orc:2    | Found a transporter.
 24110 | D:13     | Noticed Rupert
 24284 | D:13     | Noticed Lodul
 24321 | D:13     | Killed Lodul
 24821 | D:14     | Gained mutation: You cannot be stealthy. [Ru sacrifice]
 25390 | D:15     | Entered Level 15 of the Dungeon
 25883 | D:15     | Paralysed by an air elemental for 1 turns
 25887 | D:15     | Paralysed by an air elemental for 1 turns
 26149 | D:15     | Gained mutation: You may rarely emit foul miasma when
                  | damaged in melee. [demonic ancestry]
 26149 | D:15     | Reached XP level 14. HP: 81/101 MP: 14/26
 26394 | D:15     | Reached skill level 11 in Summonings
 26785 | D:15     | Found a staircase to the Depths.
 27409 | D:14     | Found a gate to the Vaults.
 27919 | Shoals:1 | Entered Level 1 of the Shoals
 28230 | Shoals:1 | Identified the +5 kite shield of the Demon Prince {SInv}
 28230 | Shoals:1 | Noticed Donald
 28255 | Shoals:1 | Killed Donald
 28567 | Snake:1  | Entered Level 1 of the Snake Pit
 28769 | Depths:1 | Entered Level 1 of the Depths
 28930 | Depths:1 | Found a shimmering blue altar of Sif Muna.
 28959 | Depths:1 | Found Ylurph's Book Boutique.
 28961 | Depths:1 | Found Igolirer's Jewellery Emporium.
 28963 | Depths:1 | Found Kaiqac's Book Boutique.
 29016 | Depths:1 | Bought a book of Scorching for 450 gold pieces
 29025 | Depths:1 | Learned a level 6 spell: Summon Cactus Giant
 29351 | Depths:1 | Found Pimnamiph's Antique Weapon Shop.
 29363 | Depths:1 | Found a gateway to Hell.
 29837 | Depths:1 | Noticed a frost giant
 29884 | Depths:1 | Killed a frost giant
 29981 | Depths:1 | Found a one-way gateway to a ziggurat.
 30012 | Depths:1 | Gained mutation: You are completely covered in yellow
                  | scales. (AC +4, rCorr) [demonic ancestry]
 30012 | Depths:1 | Reached XP level 15. HP: 107/108 MP: 8/27
 30257 | Depths:1 | Reached skill level 12 in Summonings
 30341 | Depths:1 | Found a one-way gate to the infinite horrors of the Abyss.
 30513 | Depths:1 | Reached skill level 5 in Fire Magic
 30906 | Snake:1  | Reached skill level 10 in Dodging
 31054 | Snake:1  | Got the Teachings on Electricity and Mud
 31135 | Snake:1  | Found Guud's Jewellery Emporium.
 31162 | Snake:1  | Bought the amulet of Zurgh {Reflect ^Fragile +Inv Regen+
                  | Int+3 SH+5} for 715 gold pieces
 31392 | Snake:1  | Found Ivveqo Moqe's Magic Scroll Shoppe.
 31392 | Snake:1  | Found Tusupaep's Jewellery Boutique.
 31398 | Snake:1  | Found Ticvext's Armour Emporium.
 31410 | Snake:1  | Found Ylimn's Assorted Antiques.
 32069 | Snake:1  | Found Kifuiwimynt's Weapon Shop.
 32070 | Snake:1  | Found Hengics's Assorted Antiques.
 32072 | Snake:1  | Found Nuhaceogg's Book Shop.
 32078 | Snake:1  | Found Imavveon's Assorted Antiques.
 33079 | Snake:2  | Found Udesy's Book Boutique.
 33079 | Snake:2  | Noticed a walking crystal tome
 33079 | Snake:2  | Noticed a walking earthen tome
 33333 | Snake:1  | Bought a glowing demon trident for 522 gold pieces
 34037 | Snake:3  | Reached skill level 10 in Shields
 35126 | Snake:4  | Entered Level 4 of the Snake Pit
 35605 | Snake:4  | Found a runed translucent door.
 35607 | Snake:4  | Noticed roomforsquares's ghost (adept MiFi)
 35867 | Snake:4  | Reached XP level 16. HP: 111/114 MP: 8/28
 35971 | Snake:4  | Learned a level 5 spell: Summon Mana Viper
 36048 | Snake:4  | Gained mutation: You cannot study or cast Ice magic. [Ru
                  | sacrifice]
 36048 | Snake:4  | Gained mutation: You cannot study or cast Alchemy magic.
                  | [Ru sacrifice]
 36048 | Snake:4  | Gained mutation: You cannot study or cast Translocations
                  | magic. [Ru sacrifice]
 36048 | Snake:4  | Reached ****** piety under Ru
 36365 | Snake:4  | Reached skill level 1 in Hexes
 36776 | Snake:4  | Reached skill level 13 in Summonings
 37961 | Snake:4  | Got a serpentine rune of Zot
 38101 | Lair:2   | Upgraded the game from 0.32-a0-7-ge934b45 to
                  | 0.32-a0-12-g7fc57aa
 39000 | Shoals:2 | Noticed Nikola
 39040 | Shoals:2 | Killed Nikola
 39415 | Shoals:2 | Identified the serpent talisman "Udehek" {Stlth+}
 39415 | Shoals:2 | Noticed Aizul
 39445 | Shoals:2 | Killed Aizul
 39632 | Shoals:2 | Identified a scroll of acquirement
 39632 | Shoals:2 | Acquired 731 gold pieces
 39848 | Shoals:3 | Noticed Polyphemus
 39867 | Shoals:3 | Noticed Ilsuiw
 39868 | Shoals:3 | Killed Polyphemus
 39904 | Shoals:3 | Reached skill level 5 in Hexes
 40718 | Shoals:3 | Reached XP level 17. HP: 110/110 MP: 19/30
 40736 | Shoals:3 | Killed Ilsuiw
 40755 | Shoals:4 | Entered Level 4 of the Shoals
 40846 | Shoals:4 | Reached skill level 10 in Spellcasting
 41090 | Shoals:4 | Reached skill level 14 in Summonings
 41157 | Shoals:4 | Identified the staff of Fahol {rElec rN+ Int+5 Necro}
 41658 | Shoals:4 | Found Odghemix's Firing Range.
 42560 | Shoals:4 | Got a barnacled rune of Zot
 43491 | Vaults:1 | Entered Level 1 of the Vaults
 43501 | Vaults:1 | You fall into a shaft and drop 1 floor!
 44132 | Vaults:2 | Found Vityit's Antique Weapon Shoppe.
 44815 | Vaults:2 | Reached skill level 15 in Summonings
 44840 | Vaults:2 | Found a staircase to the Crypt.
 45076 | Vaults:2 | Gained mutation: You sometimes emit foul miasma when
                  | damaged in melee. [demonic ancestry]
 45076 | Vaults:2 | Reached XP level 18. HP: 130/130 MP: 24/33
 45080 | Vaults:2 | Reached skill level 1 in Necromancy
 46501 | Vaults:1 | Found a large runed translucent door.
 46501 | Vaults:1 | Found a large runed translucent door.
 46501 | Vaults:1 | Noticed Pawaof's ghost (veteran KoBe)
 47595 | Vaults:2 | Learned a level 7 spell: Summon Hydra
 47724 | Vaults:3 | Reached skill level 16 in Summonings
 47811 | Vaults:3 | Paralysed by a formless jellyfish for 1 turns
 47820 | Vaults:3 | Paralysed by a formless jellyfish for 1 turns
 48434 | Vaults:3 | Gained mutation: You frequently emit foul miasma when
                  | damaged in melee. [demonic ancestry]
 48434 | Vaults:3 | Reached XP level 19. HP: 126/136 MP: 23/35
 49367 | Vaults:3 | Noticed Mara
 49375 | Vaults:3 | Noticed Xtahua
 49379 | Vaults:3 | Noticed PublicAnimeNo1's illusion
 49684 | Elf:1    | Entered Level 1 of the Elven Halls
 50090 | Elf:1    | Paralysed by an air elemental for 1 turns
 50431 | Elf:1    | Identified the +0 robe of Privacy {Harm Slay+3}
 50512 | Elf:1    | HP: 4/129 [deep elf zephyrmancer/bolt of lightning (44)]
 50642 | Elf:1    | Reached skill level 17 in Summonings
 50714 | Elf:1    | Noticed Azrael
 50721 | Elf:1    | Identified the +2 sling of Impatience {speed, Dex+2}
 50722 | Elf:1    | Killed Azrael
 51152 | Elf:1    | Got Sif Muna's Elucidation of Massed Impulse
 51959 | Snake:1  | Bought a scroll of acquirement for 884 gold pieces
 51959 | Snake:1  | Acquired 1261 gold pieces
 52907 | Elf:2    | Reached skill level 15 in Fighting
 53006 | Elf:2    | Paralysed by an air elemental for 1 turns
 53233 | Elf:2    | Found a huge runed translucent gate.
 53233 | Elf:2    | Found a huge runed translucent gate.
 53233 | Elf:2    | Found a huge runed translucent gate.
 53233 | Elf:2    | Found a huge runed translucent gate.
 53233 | Elf:2    | Found a huge runed translucent gate.
 53343 | Elf:3    | Entered Level 3 of the Elven Halls
 53401 | Elf:3    | Found Niomomi's Assorted Antiques.
 53406 | Elf:3    | Bought a coiled bone ring for 215 gold pieces
 53406 | Elf:3    | Identified the ring of Dim Light {rPois rF+ MP+9 Int-2
                  | Dex+2} (You bought it in a shop on level 3 of the Elven
                  | Halls)
 53534 | Elf:3    | Found a runed translucent gate.
 53534 | Elf:3    | Found a runed translucent gate.
 53535 | Elf:3    | Found a runed translucent gate.
 53538 | Elf:3    | Noticed ironshield's ghost (adept DsSu)
 53769 | Elf:3    | Noticed Boris
 53789 | Elf:3    | Killed Boris
 53902 | Elf:3    | Found an iron altar of Okawaru.
 54022 | Elf:3    | Killed from afar by a deep elf elementalist

Illustrated notes

Levels and vault maps discovered:
D:1:      roadster_arrival_rocket_large, layout_basic, nicolae_hexahallways,
          minmay_tetromino_o2
D:2:      layout_basic, minmay_misc_feat_more_columns, uniq_crazy_yiuf_cottage
D:3:      layout_loops_corners, amcnicky_mini_corridor_feature
D:4:      layout_loops_ring, nicolae_gozag_seed_capital,
          nicolae_ru_the_path_less_chosen,
          mainiacjoe_sewer_entry_somewhere_in_here_2, uniq_sigmund
D:5:      wander_guarded_unrand_ratskin, layout_rooms, kennysheep_mini,
          serial_shops, shop
D:6:      layout_loops_ring, grunt_temple_overflow_forces_of_nature,
          minmay_temple_entry_enclosed_plants, serial_shops,
          nicolae_shop_rolled_up
D:7:      layout_basic, worms_lemuel, uniq_maggie
D:8:      layout_basic, uniq_maurice
D:9:      layout_cave_pools, lemuel_mausoleum_altar_kikubaaqudgha,
          lemuel_crystal_altar, erik_lair_island
D:10:     layout_roguey, enter_trove_5, nicolae_shop_overcharged_wands,
          uniq_grum, uniq_snorg
D:11:     layout_basic, gammafunk_ghost_arena
D:12:     layout_long_grid, david_orc_1_choice, serial_shops, shop,
          kennysheep_generic_room_5
D:13:     layout_loops_ring, uniq_lodul, uniq_rupert
D:14:     layout_roguey, david_vaults_5, small_statue_intersection
D:15:     gammafunk_enter_depths_forms, layout_stronghold,
          serial_bayou_lagoon_a, dreamdust_looks_like_rain
Lair:1:   layout_loops_ring, gammafunk_ghost_ooze, patterned_corridor
Lair:2:   layout_regular_city, guppyfry_snake_entry_garden, grunt_megastairs_4,
          lemuel_fruit_tree, uniq_fannar, uniq_nergalle
Lair:3:   layout_regular_city, elwin_shoals_entry_rooms,
          nicolae_lair_grove_arrangements, cheibrodos_lair_reptile_den,
          infiniplex_staircase_pool_2
Lair:4:   layout_roguey, slime_entry_1, basic_altar, infiniplex_staircase_pool
Lair:5:   gammafunk_lair_ancient_temple, layout_gridlike,
          hangedman_lair_generics_rect
Shoals:1: layout_shoals, nicolae_shoals_water_elemental_grotto, uniq_donald
Shoals:2: layout_shoals, nicolae_shoals_siren_and_animal_friends, uniq_aizul,
          uniq_nikola
Shoals:3: layout_shoals, uniq_ilsuiw, uniq_polyphemus
Shoals:4: shoals_end_grunt_ice, layout_shoals, nicolae_shop_firing_range
Snake:1:  layout_concentric_octagons, serial_shops, shop,
          minmay_shop_grid_forest, nicolae_snake_serpentine_bazaar
Snake:2:  layout_onion_interference, serial_shops, nicolae_shop_mannequins
Snake:3:  layout_honeycomb
Snake:4:  snake_pit_salamanders_mu, layout_chambers, ebering_ghost_inner_flame
Orc:1:    layout_caves, mines1_david
Orc:2:    st_orc_mages, layout_diamond_mine, gammafunk_ghost_wrathful_warriors
Elf:1:    minmay_the_grid_square_5x5_5x5_mashed [minmay_the_grid_square_5x5_n,
          minmay_the_grid_square_5x5_longway, minmay_the_grid_square_5x5_three,
          minmay_the_grid_square_5x5_spiral,
          minmay_the_grid_square_5x5_sharp_hourglass,
          minmay_the_grid_square_5x5_inner_z,
          minmay_the_grid_square_5x5_prize_rear_guard,
          minmay_the_grid_square_5x5_bracketed,
          minmay_the_grid_square_5x5_prize_junk,
          minmay_the_grid_square_5x5_six_small,
          minmay_the_grid_square_5x5_two_walls_b,
          minmay_the_grid_square_5x5_beaten_path,
          minmay_the_grid_square_5x5_prize_itemx,
          minmay_the_grid_square_5x5_eight, minmay_the_grid_square_5x5_tie,
          minmay_the_grid_square_5x5_six, minmay_the_grid_square_5x5_prize_gold,
          minmay_the_grid_square_5x5_two,
          minmay_the_grid_square_5x5_prize_waves, minmay_the_grid_square_5x5_z,
          minmay_the_grid_square_5x5_tri_point,
          minmay_the_grid_square_5x5_seven, minmay_the_grid_square_5x5_detours,
          minmay_the_grid_square_5x5_comb, minmay_the_grid_square_5x5_slash],
          layout_loops_corners, minmay_elf_sorcery, elves_outpost_lemuel,
          uniq_azrael
Elf:2:    elven_hall_of_blades_hangedman_alternative
          [mumra_blade_entry_bloodbath], layout_onion_city
Elf:3:    minmay_elf_hall, layout_geoelf_octagon, serial_shops, shop,
          gammafunk_ghost_fury_of_okawaru, uniq_boris
Vaults:1: advil_vaults_ghost_guards, nicolae_vaults_stepped_doors, v_misc_27,
          nicolae_vaults_double_plus_1, nicolae_vaults_ninety_degrees,
          nicolae_vaults_windows_and_doors_thing,
          nicolae_vaults_tangent_ellipses, hangedman_vaults_stitches,
          nicolae_vaults_asterisk, v_pattern_2, nicolae_vaults_layer_cake_slice,
          layout_vaults_omnibox
Vaults:2: v_misc_31, nicolae_vaults_big_ls, v_misc_2,
          minmay_crypt_entry_simple_box, v_misc_9, vaults_room_fours,
          nicolae_vaults_alarming, special_room_vaults [special_room_orc],
          nicolae_vaults_house_2, layout_vaults_omnigrid, serial_shops,
          nicolae_shop_crystal
Vaults:3: nicolae_vaults_closet_pinwheel_6, nicolae_vaults_lopsided_apartments,
          ontoclasm_vaults_idyll, v_misc_17, nicolae_vaults_circle_grid_a,
          ontoclasm_vaults_eye, hangedman_vaults_stagger, v_misc_10,
          nicolae_vaults_asterisk, nicolae_vaults_two_Ls,
          nicolae_vaults_ring_of_whatevers, layout_vaults_big_room, uniq_xtahua,
          uniq_mara
Depths:1: layout_roguey, enter_ziggurat_e, pf_hell_entry_tar_river,
          grunt_decor_junction, abyss_entry, serial_shops,
          nicolae_shop_real_fake_doors, nicolae_sif_muna_condensation,
          minmay_shop_grove
Depths:2: nicolae_cairo_tiling, layout_basic, pan_entry, hell_entry,
          kennysheep_pointless_box

Skill      XL: |  1  2  3  4  5  6  7  8  9 10 11 12 13 14 15 16 17 18 19 |
---------------+----------------------------------------------------------+-----
Fighting       | 1 2 3 4 6 7 8 11 12 13 14 15 | 15.2
Summonings     | 5 6 7 8 9 10 11 12 13 15 16 17 | 17.4
Dodging        | 2 3 4 5 8 9 10 11 | 11.5
Spellcasting   | 3 4 6 7 8 9 11 12 14 | 14.1
Fire Magic     | 1 3 4 6 |  6.6
Shields        | 3 5 8 10 12 13 14 | 14.6
Polearms       | 4 7 12 11 13 14 | 14.0
Air Magic      | 3 4 |  4.0
Evocations     | 2 4 |  4.0
Stealth        | 10 0 |  0.0
Hexes          | 5 6 |  6.0
Necromancy     | 4 |  4.0

Action                     |  1- 3 |  4- 6 |  7- 9 | 10-12 | 13-15 | 16-18 | 19-21 || total
---------------------------+-------+-------+-------+-------+-------+-------+-------++-------
  Melee: Short sword       |    47 |       |       |       |       |       |       ||    47
         Whip              |    71 |   132 |   365 |    49 |       |       |       ||   617
         Quarterstaff      |     1 |       |       |       |       |       |       ||     1
         Punch             |     1 |     3 |     3 |       |       |       |       ||     7
         Spear             |       |       |       |   826 |  1981 |       |       ||  2807
         Unarmed           |       |       |       |     1 |       |       |       ||     1
         Demon trident     |       |       |       |       |   229 |  1710 |   561 ||  2500
   Fire: Sling             |       |     6 |       |       |       |       |       ||     6
   Cast: Summon Small Mamm |    11 |       |     2 |       |       |       |       ||    13
         Call Imp          |    11 |    18 |    29 |    11 |     3 |       |       ||    72
         Call Canine Famil |       |    10 |    31 |    31 |    57 |    11 |       ||   140
         Summon Blazeheart |       |       |     6 |    66 |    91 |     2 |     1 ||   166
         Summon Lightning  |       |       |       |    16 |    38 |    27 |     2 ||    83
         Summon Ice Beast  |       |       |       |    12 |    68 |       |       ||    80
         Martyr's Knell    |       |       |       |       |    10 |    11 |       ||    21
         Summon Cactus Gia |       |       |       |       |    69 |   104 |    25 ||   198
         Summon Mana Viper |       |       |       |       |       |    88 |    48 ||   136
         Summon Hydra      |       |       |       |       |       |    11 |    26 ||    37
 Invoke: Sacrifice Durabil |       |       |     1 |       |       |       |       ||     1
         Sacrifice Health  |       |       |       |     1 |       |       |       ||     1
         Sacrifice Forms   |       |       |       |     1 |       |       |       ||     1
         Sacrifice Experie |       |       |       |     1 |       |       |       ||     1
         Draw Out Power    |       |       |       |       |     2 |     5 |     3 ||    10
         Reject Sacrifices |       |       |       |       |     2 |       |       ||     2
         Apocalypse        |       |       |       |       |     1 |     4 |       ||     5
         Power Leap        |       |       |       |       |     1 |     1 |       ||     2
         Sacrifice Stealth |       |       |       |       |     1 |       |       ||     1
         Sacrifice Arcana  |       |       |       |       |       |     1 |       ||     1
  Evoke: Phial of floods   |       |       |     2 |       |     1 |     1 |     1 ||     5
         Wand              |       |       |       |     6 |    29 |     6 |       ||    41
         Sack of spiders   |       |       |       |     2 |     1 |     2 |       ||     5
         Tin of tremorston |       |       |       |       |     1 |       |       ||     1
    Use: Scroll            |     1 |       |    17 |     8 |     9 |     5 |     5 ||    45
         Potion            |       |     2 |     5 |     5 |     6 |     4 |     1 ||    23
   Stab: Sleeping          |     6 |       |     6 |    11 |     8 |       |       ||    31
         Distracted        |       |     1 |     5 |     9 |    46 |    50 |    18 ||   129
         Invisible         |       |       |       |     3 |    29 |     1 |     3 ||    36
         Paralysed         |       |       |       |     3 |     6 |    23 |       ||    32
         Petrified         |       |       |       |       |    12 |       |       ||    12
         Petrifying        |       |       |       |       |     4 |       |       ||     4
 Armour: Robe              |    79 |     8 |       |       |       |       |       ||    87
         Leather armour    |       |    95 |   270 |   444 |   684 |   449 |   131 ||  2073
         Skin              |       |    15 |    17 |    54 |       |       |       ||    86
  Dodge: Dodged            |   103 |    94 |   255 |   355 |   599 |   378 |   121 ||  1905
  Block: Buckler           |       |       |    23 |   211 |   455 |   118 |       ||   807
         Kite shield       |       |       |       |       |    48 |  1124 |   321 ||  1493
         Reflection        |       |       |       |       |    22 |   120 |    45 ||   187

Table legend: (Time is in decaauts)
 A = Elapsed time spent in this place.
 B = Non-inter-level travel time spent in this place.
 C = Inter-level travel time spent in this place.
 D = Time resting spent in this place.
 E = Time spent auto-exploring this place.
 F = Levels seen in this place.
 G = Mean time per level.
                   A        B        C        D        E       F      G
               +--------+--------+--------+--------+--------+-----+--------+
         Total |  52683 |  48337 |   4346 |   8283 |  27168 |  39 | 1350.8 |
       Dungeon |  18914 |  17022 |   1892 |   2155 |  10659 |  15 | 1260.9 |
          Lair |   7540 |   6671 |    869 |    865 |   4342 |   5 | 1508.0 |
        Shoals |   5611 |   5310 |    301 |   1444 |   1750 |   4 | 1402.8 |
     Snake Pit |   7027 |   6458 |    569 |   1310 |   3822 |   4 | 1756.8 |
  Orcish Mines |   1859 |   1517 |    342 |    210 |    921 |   2 |  929.5 |
   Elven Halls |   3418 |   3271 |    147 |    294 |   1893 |   3 | 1139.3 |
        Vaults |   5731 |   5572 |    159 |   1069 |   3051 |   3 | 1910.3 |
        Depths |   1811 |   1746 |     65 |    679 |    586 |   2 |  905.5 |
         Sewer |    769 |    769 |      0 |    255 |    142 |   1 |  769.0 |
               +--------+--------+--------+--------+--------+-----+--------+

Top non-repeatable levels by time:
 Snake:4: 2840 daAuts
 Snake:1: 2121 daAuts
Vaults:1: 2026 daAuts
Vaults:2: 1975 daAuts
  Lair:3: 1831 daAuts
   Elf:1: 1813 daAuts
Depths:1: 1809 daAuts
  Lair:1: 1803 daAuts
Vaults:3: 1728 daAuts
     D:5: 1681 daAuts
     D:4: 1644 daAuts
Shoals:4: 1637 daAuts
    D:15: 1570 daAuts
    D:12: 1558 daAuts
    D:14: 1541 daAuts
